 Dungeon Crawl Stone Soup version 0.26.1-11-gd32895ea62 (webtiles) character file.

Game seed: 9108762665317290114

32 Zeld the Insei (level 3, 0/23 HPs)
             Began as an Octopode Transmuter on May 28, 2021.
             Succumbed to an adder's poison
             ... on level 2 of the Dungeon.
             The game lasted 00:00:47 (558 turns).

Zeld the Insei (Octopode Transmuter)                 Turns: 558, Time: 00:00:48

Health: 0/23       AC:  1    Str: 10    XL:     3   Next: 25%
Magic:  6/6        EV: 13    Int: 15    God:
Gold:   11         SH:  0    Dex: 12    Spells: 4/7 levels left

rFire    . . .     SeeInvis .     - Unarmed
rCold    . . .     Faith    .   (no shield)
rNeg     . . .     Spirit   .   (helmet restricted)
rPois    .         Reflect  .   (no amulet)
rElec    .         Harm     .   (no ring)
rCorr    .         Rampage  .   (no ring)
Will     .....                  (no ring)
Stlth    ++........             (no ring)
HPRegen  0.07/turn              (no ring)
MPRegen  0.10/turn              (no ring)
                                (no ring)
                                (no ring)

@: mighty, lethally poisoned (0 -> -5)
A: almost no armour, stealthy swim, amphibious, 8 rings, constrict 8, camouflage
1, gelatinous body 1
a: no special abilities


You were on level 2 of the Dungeon.
You visited 1 branch of the dungeon, and saw 2 of its levels.

You collected 11 gold pieces.

Inventory:

Scrolls
 a - a scroll of enchant armour {unknown}
 b - a scroll of identify {unknown}


   Skills:
 + Level 1.4 Fighting
 + Level 2.3 Dodging
 - Level 3.0 Unarmed Combat
 * Level 2.5 Spellcasting
 * Level 2.6 Transmutations


You had 4 spell levels left.
You knew the following spells:

 Your Spells              Type           Power        Failure   Level
a - Beastly Appendage     Tmut           18%          8%          1
b - Wereblood             Tmut           9%           11%         2

Your spell library contained the following spells:

 Spells                   Type           Power        Failure   Level
 Spider Form              Tmut/Pois      2%           36%         3
 Ice Form                 Ice/Tmut       5%           77%         4
 Blade Hands              Tmut           4%           90%         5


Dungeon Overview and Level Annotations

Branches:
Dungeon (2/15)

Altars:


Innate Abilities, Weirdness & Mutations

You cannot wear most types of armour.
You are very stealthy in the water. (Stealth+)
You are amphibious.
You can wear up to eight rings at the same time.
You can use your tentacles to constrict eight enemies at once.
Your skin changes colour to match your surroundings (Stealth+).
Your rubbery body absorbs attacks. (AC +1, EV +1)


Message History

You feel sick.
There is a lethal amount of poison in your body!
There is a lethal amount of poison in your body!
* * * LOW HITPOINT WARNING * * *
You feel sick.
There is a lethal amount of poison in your body!
There is a lethal amount of poison in your body!
There is a lethal amount of poison in your body!
There is a lethal amount of poison in your body!
There is a lethal amount of poison in your body!
There is a lethal amount of poison in your body!
* * * LOW HITPOINT WARNING * * *
You feel sick.
There is a lethal amount of poison in your body!
There is a lethal amount of poison in your body!
There is a lethal amount of poison in your body!
There is a lethal amount of poison in your body!
There is a lethal amount of poison in your body!
Your tentacle spike disappears.
You die...

.#.########
.......@..#
.#.######.#
#.# #.# #.#
#.# #.#
##.######.####
.....
.............#


There were no monsters in sight!

Vanquished Creatures
  2 adders (D:2)
  3 bats (D:1)
  2 goblins
  2 jackals (D:1)
  2 frilled lizards (D:1)
  A kobold (D:1)
  3 rats (D:1)
15 creatures vanquished.

Notes
Turn   | Place    | Note
-------+----------+-------------------------------------------
     0 | D:1      | Zeld the Octopode Transmuter began the quest for the Orb.
     0 | D:1      | Reached XP level 1. HP: 13/13 MP: 3/3
   117 | D:1      | Reached XP level 2. HP: 5/18 MP: 3/5
   122 | D:1      | Learned a level 2 spell: Wereblood
   546 | D:2      | Reached XP level 3. HP: 6/23 MP: 4/6
   555 | D:2      | HP: 1/23 [poisoned by an adder]
   558 | D:2      | Succumbed to an adder's poison

Illustrated notes

Levels and vault maps discovered:
D:1:      matt_arrival_spirals, layout_rooms
D:2:      minmay_chambers_of_ones, layout_basic, fiery_altar_vehumet,
          trog_hazing_becter, uniq_sigmund, uniq_natasha

Action                   || total
-------------------------++-------
Melee: Unarmed           ||    32
       Constrict         ||     9
       Tentacles         ||     5
       Kick              ||     2
 Cast: Beastly Appendage ||     9
  Use: Potion            ||     1
Armor: Skin              ||     8
Dodge: Dodged            ||    22
